 Dungeon Crawl Stone Soup version 0.31-a0-151-ge443d1f16c (webtiles) character file.

Game seed: 4386322301202963488

201 qw the Shooter (level 5, -5/32 HPs)
             Began as a Gargoyle Hunter on June 8, 2023.
             Slain by an iguana (8 damage)
             ... on level 4 of the Dungeon.
             The game lasted 00:00:52 (2231 turns).

qw the Shooter (Gargoyle Hunter)                    Turns: 2231, Time: 00:00:53

Health: -5/32      AC:  7    Str: 14    XL:     5   Next: 79%
Magic:  5/5        EV: 11    Int: 10    God:
Gold:   159        SH:  0    Dex: 15    Spells: 4/4 levels left

rFire   . . .        Y - +0 shortbow
rCold   . . .        (shield currently unavailable)
rNeg    + . .        c - +0 leather armour
rPois   inf          (no helmet)
rElec   +            (no cloak)
rCorr   .            (no gloves)
SInv    .            (no boots)
Will    .....        (no amulet)
Stlth   ++           (no ring)
HPRegen 0.25/turn    (no ring)
MPRegen 0.09/turn

%: no passive effects
@: about to teleport
A: sickness immunity, AC +4, negative energy resistance 1, electricity
resistance, torment resistance 1, petrification resistance
a: no special abilities


You were on level 4 of the Dungeon.
You visited 1 branch of the dungeon, and saw 4 of its levels.

You collected 159 gold pieces.


Innate Abilities, Weirdness & Mutations

You are immune to sickness and miasma.
Your stone body is resilient. (AC +4)
You are immune to poison.
You resist negative energy. (rN+)
You are resistant to electric shocks. (rElec)
You are resistant to unholy torment.
You are immune to petrification.


   Skills:
 + Level 3.4 Fighting
 - Level 6.4 Ranged Weapons
 - Level 1.5 Dodging
 - Level 1.1 Stealth


You had 4 spell levels left.
You didn't know any spells.
Your spell library was empty.

Inventory:

Hand Weapons
 Y - a +0 shortbow (weapon)
Armour
 c - a +0 leather armour (worn)
Scrolls
 a - a scroll of teleportation
 d - a scroll of identify
Potions
 b - a potion of curing
 e - a potion of haste
 f - a potion of lignification {unknown}
 h - a potion of mutation {unknown}

Dungeon Overview and Level Annotations

Branches:
Dungeon (4/15)
 Temple: D:4-7

Altars:
Zin


Message History

You feel better.
Done exploring.
(D) Dungeon
Where to? (* - list waypoints, Enter - D:3, ? - help)
What level of the Dungeon? (default 1, ? - help)
There is a stone staircase leading down here.
You climb downwards.
You hear the hiss of flowing sand.
There is an entrance to an ossuary on this level.
Hurry and find it before the portal is buried!
There is a stone staircase leading up here.
A ball python is nearby!
Waypoint 3 assigned to D:4.
2214 ||| PLANNING OSSUARY You shoot an arrow.
The arrow hits the ball python!
You kill the ball python!
An iguana comes into view.
You shoot an arrow. The arrow hits the iguana.
The iguana is lightly wounded.
You shoot an arrow. The arrow hits the iguana.
The iguana is lightly wounded.
You shoot an arrow. The arrow hits the iguana.
The iguana is heavily wounded.
You shoot an arrow. The arrow completely misses the iguana.
You shoot an arrow. The arrow barely misses the iguana.
The iguana bites you but does no damage.
You shoot an arrow.
The arrow hits the iguana but does no damage.
The iguana is heavily wounded.
The iguana bites you!
You shoot an arrow. The arrow closely misses the iguana.
The iguana bites you!
The iguana hisses menacingly.
The iguana bites you!
2230 ||| READING 2 scrolls of teleportation.
As you read the scroll of teleportation, it crumbles to dust.
You feel strangely unstable. The iguana closely misses you.
You shoot an arrow. The arrow closely misses the iguana.
The iguana bites you!
You die...

....#####.........
.......... .......
.........# .....##
#.....##.......
#...<..#.......
##.....#.##.......
....##.#..#.......
..................
..$....@#.........
.......l###.......
...###.## .......
... .. ....... ...
..####. .... ...
..... ##.. ......


You could see an iguana.

Vanquished Creatures
  An ogre (D:3)
  Terence (D:2)
  2 adders
  2 dart slugs
  3 endoplasms
  2 giant cockroaches
  6 goblins
  10 hobgoblins
  4 jackals (D:1)
  10 ball pythons
  5 bats
  5 frilled lizards
  6 kobolds
  7 rats
64 creatures vanquished.

Notes
Turn   | Place    | Note
-------+----------+-------------------------------------------
     0 | D:1      | qw the Gargoyle Hunter began the quest for the Orb.
     0 | D:1      | Reached XP level 1. HP: 12/12 MP: 1/1
     0 | D:1      | 0 ||| qw: Version: 0.2-a-120-gdf1a93b
     0 | D:1      | 0 ||| qw: Game counter: 3042
     0 | D:1      | 0 ||| qw: Always use a shield: true
     0 | D:1      | 0 ||| qw: God list: Okawaru
     0 | D:1      | 0 ||| qw: Allow faded altars: false
     0 | D:1      | 0 ||| qw: Do Orc after D:15 true
     0 | D:1      | 0 ||| qw: Do second Lair branch before Depths: true
     0 | D:1      | 0 ||| qw: Lair rune preference: random
     0 | D:1      | 0 ||| qw: Plans: Normal
     0 | D:1      | 0 ||| PLANNING D:1-11
    97 | D:1      | Reached XP level 2. HP: 17/17 MP: 2/2
   437 | D:1      | Reached XP level 3. HP: 17/21 MP: 3/3
   526 | D:1      | Reached skill level 5 in Ranged Weapons
   798 | D:1      | 798 ||| READING scroll labelled NAGORRU MESO.
   799 | D:1      | 799 ||| READING scroll labelled RUAFFOI GIVOM.
   800 | D:1      | 800 ||| READING scroll labelled VIAFED YMU XADUI.
   804 | D:1      | 804 ||| DROPPING scroll of butterflies.
   868 | D:2      | Noticed Terence
   881 | D:2      | Killed Terence
   882 | D:2      | Reached skill level 3 in Fighting
   882 | D:2      | Reached XP level 4. HP: 17/28 MP: 4/4
  1574 | D:2      | 1574 ||| READING scroll labelled QASI HINNILOW.
  1575 | D:2      | 1575 ||| READING scroll labelled WIPOUTEMOM.
  1576 | D:2      | 1576 ||| DRINKING 2 metallic emerald potions.
  1841 | D:3      | Found a glowing silver altar of Zin.
  1987 | D:3      | Noticed an ogre
  1999 | D:3      | Killed an ogre
  2000 | D:3      | Reached skill level 6 in Ranged Weapons
  2000 | D:3      | Reached XP level 5. HP: 12/32 MP: 5/5
  2164 | D:3      | 2164 ||| DROPPING ring of wizardry.
  2165 | D:3      | 2165 ||| READING scroll labelled VONYRI UKACURERU.
  2188 | D:3      | 2188 ||| READING scroll labelled SIONTU RIUP BIN.
  2189 | D:3      | 2189 ||| DRINKING 2 lumpy ruby potions.
  2214 | D:4      | 2214 ||| PLANNING OSSUARY
  2229 | D:4      | HP: 2/32 [iguana (10)]
  2230 | D:4      | 2230 ||| READING 2 scrolls of teleportation.
  2231 | D:4      | Slain by an iguana

Levels and vault maps discovered:
D:1:      dpeg_arrival_orchard, layout_basic
D:2:      layout_loops_ring, kennysheep_generic_room_15, uniq_terence
D:3:      layout_rooms, mainiacjoe_overflow_small_starburst
D:4:      layout_cave_pools, lemuel_round_altar, mainiacjoe_overflow_alcove_4,
          enter_ossuary_1, uniq_crazy_yiuf_cottage

Skill      XL: |  1  2  3  4 |
---------------+-------------+-----
Ranged Weapons | 5 6 |  6.4
Fighting       | 3 |  3.4
Dodging        | |  1.5
Stealth        | |  1.1

Action                     |  1- 3 |  4- 6 || total
---------------------------+-------+-------++-------
   Fire: Shortbow          |   104 |   113 ||   217
    Use: Scroll            |     3 |     5 ||     8
         Potion            |       |     2 ||     2
 Armour: Leather armour    |    22 |    16 ||    38
  Dodge: Dodged            |    37 |    34 ||    71

Table legend:
 A = Non-vault XP
 B = Vault XP
 C = Vault XP percentage of total XP
 D = Non-vault monster count
 E = Vault monster count
 F = Vault count percentage of total count
                 A         B        C        D         E       F
            +---------+---------+-------+---------+---------+-------
      Total |     250 |      38 |  13.2 |      62 |       2 |   3.1
            +---------+---------+-------+---------+---------+-------
        D:1 |      47 |       0 |   0.0 |      29 |       0 |   0.0
        D:2 |      43 |      38 |  46.9 |      17 |       2 |  10.5
        D:3 |     159 |       0 |   0.0 |      15 |       0 |   0.0
        D:4 |       1 |       0 |   0.0 |       1 |       0 |   0.0
            +---------+---------+-------+---------+---------+-------
